 Dungeon Crawl Stone Soup version 0.25-a0-578-gc91f01c (webtiles) character file.

Game seed: 1148408521554021675, levelgen mode: deterministic

158 15 the Gusty (level 5, 29/29 HPs)
             Began as a Tengu Air Elementalist on Mar 3, 2020.
             Quit the game on level 3 of the Dungeon.
             The game lasted 00:08:14 (1808 turns).

15 the Gusty (Tengu Air Elementalist)               Turns: 1808, Time: 00:08:14

Health: 29/29      AC:  3    Str:  9    XL:     5   Next: 39%
Magic:  8/10       EV: 13    Int: 15    God:
Gold:   157        SH:  0    Dex: 15    Spells: 3/9 levels left

rFire    . . .     SeeInvis .   g - +2 short sword (speed)
rCold    . . .     Gourm    .   (no shield)
rNeg     . . .     Faith    .   a - +0 robe
rPois    .         Spirit   .   (helmet restricted)
rElec    .         Reflect  .   (no cloak)
rCorr    .         Harm     .   k - +0 pair of gloves
MR       .....                  (boots unavailable)
Stlth    ++........             (no amulet)
HPRegen  0.09/turn              (no ring)
MPRegen  0.12/turn              (no ring)

@: no status effects
A: beak, talons 3, able to fly
a: Fly


You were on level 3 of the Dungeon.
You were not hungry.

You visited 1 branch of the dungeon, and saw 3 of its levels.

You collected 157 gold pieces.

Inventory:

Hand Weapons
 e - a +0 dagger
 g - a +2 short sword of speed (weapon)
Armour
 a - a +0 robe (worn)
 k - a +0 pair of gloves (worn)
Wands
 h - a wand of random effects (3)
Scrolls
 d - 2 scrolls of teleportation {unknown}
 i - a scroll of immolation {unknown}
 l - a scroll of remove curse {unknown}
 n - a scroll of enchant armour {unknown}
Potions
 f - 2 potions of might
 j - a potion of brilliance
Comestibles
 b - 29 chunks of flesh
 c - a ration


   Skills:
 * Level 1.4 Fighting
 + Level 1.3 Short Blades
 * Level 1.2 Armour
 * Level 2.8 Dodging
 + Level 2.3 Stealth
 + Level 0.6 Unarmed Combat
 * Level 2.6 Spellcasting
 * Level 3.0 Conjurations
 + Level 4.5 Air Magic
 + Level 0.5 Evocations


You had 3 spell levels left.
You knew the following spells:

 Your Spells              Type           Power        Failure   Level  Hunger
a - Shock                 Conj/Air       ##..         4%          1    #......
b - Swiftness             Chrm/Air       #.......     12%         2    ##.....
c - Static Discharge      Conj/Air       ##......     13%         3    ###....

Your spell library contained the following spells:

 Spells                   Type           Power        Failure   Level  Hunger
 Airstrike                Air            ###.......   32%         4    #####..
 Lightning Bolt           Conj/Air       ##........   77%         5    ######.


Dungeon Overview and Level Annotations

Branches:
Dungeon (3/15)

Altars:
Okawaru


Innate Abilities, Weirdness & Mutations

You have a beak for a mouth.
You have claws for feet.
You can fly continuously.


Message History

a +0 club; a +0 leather armour; an orc skeleton
Okay, then.
HP restored.
You now have 157 gold pieces (gained 7).
Found a faded altar of an unknown god.
You open the door.
There is an open door here.
Found a stone staircase leading down.
A hobgoblin comes into view. It is wielding a +0 club.
Found a scroll labeled LIDARU UKOPY, 20 stones and a helmet.
A hobgoblin is nearby!
Found 21 stones.
You see here a scroll labeled LIDARU UKOPY.
Casting: Shock (safe; 4% risk of failure)
Confirm with . or Enter, or press ? or * to list all spells.
Aiming: Shock (safe; 4% risk of failure)
Press: ? - help, Shift-Dir - straight line, f - hobgoblin
Aim: a hobgoblin, wielding a +0 club (resting)
The zap hits the hobgoblin but does no damage.
Are you sure you want to abandon this character and quit the game? (Confirm with "yes".)

######### .
#........
..######.....g..
................
..............[.
#...............
#.......@...(...
#.......#######(
.>............# #+
#.###########'## #.
.........# # #.
...8.....####.####.
..8_8..............
...8......###......
..........########.


You could see a hobgoblin.

Vanquished Creatures
  Robin (D:3)
  A gnoll (D:1)
  4 adders
  An ooze (D:1)
  3 dart slugs (D:1)
  2 leopard geckos
  4 orcs (D:3)
  A ball python (D:2)
  8 bats
  3 giant cockroaches (D:2)
  13 goblins
  10 hobgoblins
  5 jackals
  7 kobolds
  2 quokkas (D:2)
  11 frilled lizards
  4 rats
80 creatures vanquished.

Notes
Turn   | Place    | Note
-------+----------+-------------------------------------------
     0 | D:1      | 15 the Tengu Air Elementalist began the quest for the Orb.
     0 | D:1      | Reached XP level 1. HP: 10/10 MP: 4/4
    99 | D:1      | Reached XP level 2. HP: 13/15 MP: 0/6
   113 | D:1      | Learned a level 2 spell: Swiftness
   249 | D:1      | Reached skill level 1 in Fighting
   249 | D:1      | Reached XP level 3. HP: 19/20 MP: 0/7
   428 | D:1      | Learned a level 3 spell: Static Discharge
  1007 | D:2      | Reached skill level 1 in Armour
  1007 | D:2      | Reached XP level 4. HP: 25/25 MP: 5/8
  1435 | D:3      | Found an iron altar of Okawaru.
  1626 | D:3      | Noticed Robin
  1640 | D:3      | Killed Robin
  1640 | D:3      | Reached skill level 1 in Short Blades
  1640 | D:3      | Gained mutation: You can fly continuously. [Tengu growth]
  1640 | D:3      | Reached XP level 5. HP: 29/29 MP: 1/9
  1791 | D:3      | Found a faded altar of an unknown god.
  1808 | D:3      | Quit the game

Levels and vault maps discovered:
D:1:      dpeg_arrival_stone_temple_mockup, layout_basic, st_stairs_6,
          minmay_lizard_pond
D:2:      layout_loops_ring
D:3:      layout_basic, grunt_temple_overflow_opulence, okawaru_trees_2,
          old_standard_altar, chequers_ecumenical_altar_simple,
          nicolae_dithmenos_through_a_glass_darkly, uniq_robin

Skill      XL: |  1  2  3  4  5 |
---------------+----------------+-----
Conjurations   | 2 3 |  3.0
Fighting       | 1 |  1.4
Armour         | 1 |  1.2
Short Blades   | 1 |  1.3
Dodging        | |  2.8
Stealth        | |  2.3
Unarmed Combat | |  0.6
Spellcasting   | |  2.6
Air Magic      | |  4.5
Evocations     | |  0.5

Action                   |  1- 3 |  4- 6 || total
-------------------------+-------+-------++-------
Melee: Unarmed           |    26 |       ||    26
       Kick              |    10 |    10 ||    20
       Peck              |     5 |     6 ||    11
       Dagger            |    16 |     6 ||    22
       Short sword       |       |    71 ||    71
 Cast: Shock             |    40 |    29 ||    69
       Static Discharge  |       |     2 ||     2
Evoke: Wand              |       |     6 ||     6
  Use: Scroll            |       |     2 ||     2
       Potion            |       |     1 ||     1
 Stab: Sleeping          |     3 |     4 ||     7
  Eat: Chunk             |     1 |     3 ||     4
Armor: Robe              |    16 |     4 ||    20
       Skin              |       |    17 ||    17
Dodge: Dodged            |    33 |    36 ||    69

Table legend:
 A = Non-vault XP
 B = Vault XP
 C = Vault XP percentage of total XP
 D = Non-vault monster count
 E = Vault monster count
 F = Vault count percentage of total count
                 A         B        C        D         E       F
            +---------+---------+-------+---------+---------+-------
      Total |     181 |      45 |  19.9 |      61 |      19 |  23.8
            +---------+---------+-------+---------+---------+-------
        D:1 |      49 |      10 |  16.9 |      15 |       8 |  34.8
        D:2 |      84 |       0 |   0.0 |      28 |       0 |   0.0
        D:3 |      48 |      35 |  42.2 |      18 |      11 |  37.9
            +---------+---------+-------+---------+---------+-------
